 Dungeon Crawl Stone Soup version 0.32-a0-450-g080537f31e (webtiles) character file.

Game seed: 14271387735849686682

84192 Alarak the Warrior (level 16, -13/126 HPs)
             Began as a Djinni Fire Elementalist on Feb 23, 2024.
             Was the Champion of Makhleb.
             Killed by divine providence
             ... invoked by Saint Roka
              (17 damage)
             ... on level 1 of the Orcish Mines on Feb 24, 2024.
             The game lasted 02:39:54 (18067 turns).

Alarak the Warrior (Djinni Fire Elementalist)      Turns: 18067, Time: 02:39:54

Health: -13/126    AC: 14    Str:  7    XL:     16   Next: 26%
Gold:   1873       EV: 24    Int: 37    God:    Makhleb [******] SH:  0 Dex: 15

rFire   + + .        (no weapon)
rCold   x . .        (no shield)
rNeg    . . .        c - +7 toga "Victory" {*Victory Int+7 Slay+7 Clar}
rPois   ∞            x - +1 helmet
rElec   .            (no cloak)
rCorr   .            O - +2 pair of gloves {Stlth+}
SInv    .            (boots unavailable)
Will    +....        b - amulet of regeneration
Stlth   +++          C - +6 ring of intelligence
HPRegen 1.21/turn    E - +5 ring of evasion
MPRegen 0.00/turn

%: clarity, infuse magic (-14 HP)
@: swift (expiring), flying, very slightly contaminated, very quick
A: sickness immunity, fire resistance 2, cold vulnerability 1, float, innate
caster, HP casting, extra vitality 1
a: Renounce Religion, Minor Destruction, Lesser Servant of Makhleb, Major
Destruction, Greater Servant of Makhleb


You were on level 1 of the Orcish Mines.
You worshipped Makhleb.
Makhleb was exalted by your worship.
You visited 3 branches of the dungeon, and saw 20 of its levels.
You also visited: Volcano.

You collected 1873 gold pieces.

Inventory:

Missiles
 o - 4 throwing nets
Armour
 c - the +7 toga "Victory" (worn) {*Victory Int+7 Slay+7 Clar}
   (You found it on level 8 of the Dungeon)

   *Victory:  When the wearer kills a threatening monster, it has a chance to
   gain +1 AC, +1 Slay, and +1 Int, capping at +7.
   When the wearer uses a scroll or a potion with a hostile monster in sight,
   its bonuses reset to +0.
   Unequipping it also resets its bonuses to +0.
   Int+7:     It affects your intelligence (+7).
   Slay+7:    It affects your accuracy & damage with ranged weapons and melee
   (+7).
   Clar:      It protects you from confusion, rage, mesmerisation and fear.
 h - a +0 plate armour
 p - an orb of guile
 v - a +2 robe of resistance
 x - a +1 helmet (worn)
 y - a +0 troll leather armour
 L - a +1 robe of cold resistance
 O - a +2 pair of gloves of stealth (worn)
Jewellery
 b - an amulet of regeneration (around neck)
 n - a ring of see invisible
 B - a +6 ring of strength
 C - a +6 ring of intelligence (left hand)
 E - a +5 ring of evasion (right hand)
 H - a ring of ice
 R - a ring of protection from fire
 S - a ring of willpower
Wands
 l - a wand of quicksilver (22)
 r - a wand of iceblast (15)
 s - a wand of polymorph (8)
 G - a wand of flame (27)
 U - a wand of digging (7)
 V - a wand of paralysis (3)
Scrolls
 m - 6 scrolls of identify
 t - 3 scrolls of summoning
 A - 2 scrolls of teleportation
 I - a scroll of enchant armour
 K - 3 scrolls of vulnerability
 M - 4 scrolls of fear
 N - 3 scrolls of torment
 P - 2 scrolls of brand weapon
 Q - a scroll of immolation {unknown}
 T - 2 scrolls of poison {unknown}
 W - a scroll of enchant weapon
Potions
 a - 3 potions of invisibility
 d - 5 potions of curing
 e - 2 potions of resistance {unknown}
 f - 4 potions of heal wounds {unknown}
 g - 5 potions of attraction {unknown}
 i - 4 potions of brilliance {unknown}
 j - 4 potions of might {unknown}
 k - a potion of cancellation {unknown}
 q - 5 potions of mutation {unknown}
 u - 3 potions of enlightenment {unknown}
 w - 3 potions of lignification {unknown}
 z - 4 potions of magic {unknown}
 D - 29 potions of degeneration
 F - 3 potions of haste {unknown}
 J - 2 potions of ambrosia {unknown}


   Skills:
 - Level 15.1 Fighting
 + Level 14.0 Dodging
 - Level 1.5 Stealth
 - Level 15.0 Spellcasting
 - Level 15.0 Conjurations
 - Level 15.0 Hexes
 - Level 15.0 Summonings
 - Level 15.0 Necromancy
 - Level 15.0 Translocations
 - Level 15.0 Fire Magic
 - Level 15.0 Ice Magic
 - Level 15.0 Air Magic
 - Level 15.0 Earth Magic
 - Level 15.0 Alchemy
 - Level 6.0 Invocations


You knew the following spells:

 Your Spells              Type           Power      Damage    Failure   Level
a - Foxfire               Conj/Fire      100%       2x1d9     0%          1
b - Scorch                Fire           100%       2d9       0%          2
c - Volatile Blastmotes   Fire/Tloc      100%       2d18      0%          3
d - Inner Flame           Hex/Fire       96%        N/A       0%          3
e - Flame Wave            Conj/Fire      96%        2d20      1%          4
f - Sting                 Conj/Alch      100%       1d9       0%          1
g - Momentum Strike       Conj/Tloc      100%       3d10      0%          2
h - Swiftness             Air            96%        N/A       0%          3
i - Mephitic Cloud        Conj/Alch/Air  96%        N/A       0%          3
j - Irradiate             Conj/Alch      48%        3d27      1%          5
k - Freezing Cloud        Conj/Ice/Air   48%        6-21      1%          5
l - Starburst             Conj/Fire      48%        6d13      1%          6
Your spell library was empty.

Dungeon Overview and Level Annotations

Branches:
Dungeon (13/15)            Temple (0/1) D:7            Lair (5/5) D:8
  Swamp (0/4) Lair:3        Snake (0/4) Lair:3        Slime (0/5) Lair:4
    Orc (2/2) D:12        Volcano (visited)
    Elf: Orc:2       Vaults: D:13-14

Altars:
Ashenzari
Cheibriados
Dithmenos
Elyvilon
Fedhas
Hepliaklqana
Makhleb
Ru
Trog
Uskayaw
Wu Jian
Xom
Zin
Jiyva

Shops:
Orc:1 [

Portals:
Trove: D:11 (give 5 scrolls of fog)

Annotations:
Orc:1 Saint Roka
Orc:2 Erolcha


Innate Abilities, Weirdness & Mutations

You are immune to sickness and miasma.
You are immune to poison.
Your flesh is very heat resistant. (rF++)
You are vulnerable to cold. (rC-)
You float through the air rather than walking.
You learn spells naturally, not from books.
Your magical power is your life essence.
You have superior vitality. (+4 MHP)


Message History

Saint Roka is blasted with magical radiation!!
Saint Roka is moderately wounded.
You are very lightly contaminated with residual magic.
Saint Roka calls down the wrath of Beogh upon you.
Beogh smites you!
Casting: Irradiate (safe; 1% risk of failure)
Confirm with . or Enter, or press ? or * to list all spells.
You erupt in a fountain of uncontrolled magic!
Saint Roka is blasted with magical radiation!!
Saint Roka is moderately wounded.
You are lightly contaminated with residual magic.
Saint Roka hits you with a +4 battleaxe of holy wrath!!
The orc knight is engulfed in noxious fumes.
The orc knight appears confused.
Saint Roka hits you with a +4 battleaxe of holy wrath!
You fly upwards.
There is a stone staircase leading down here.
Casting: Irradiate (safe; 1% risk of failure)
Confirm with . or Enter, or press ? or * to list all spells.
You feel quick. Saint Roka misses you.
Saint Roka invokes the aid of Beogh against you.
Beogh smites you!
You see here a +0 falchion.
Items here: ) [[ ÷÷÷÷.
Saint Roka says, "In the orcish mines, orcs kill the likes of YOU!"
Saint Roka attacks as they pursue you!
Saint Roka hits you with a +4 battleaxe of holy wrath!!
* * * LOW HITPOINT WARNING * * *
Saint Roka invokes the aid of Beogh against you.
Beogh smites you!
* * * LOW HITPOINT WARNING * * *
You start to feel a little slower.
Saint Roka mumbles some strange prayers to Beogh against you.
Beogh smites you!
* * * LOW HITPOINT WARNING * * *
Saint Roka looks more healthy.
Saint Roka invokes the aid of Beogh against you.
Beogh smites you!
You die...
Saint Roka roars, "Praise to Beogh!"

##.......##.....##.####..........
#.......####........#......##.##.
##.......#.#.....#.##......####..
####...........#####.........#..
##.#........#.###...............
#...........#####....#.#.......#
##..#####...#####....###.........
#...##........##......###.#......
##.##...........@......#.###..##.
###.......#......[#.......###.###
.##......##........#......#####
.........###......#[###...)#
.#...............#o.[[.[...##
##.......#..........[<>##...#
##......#........[.[)[.##.##
###........##....[[....###
##.#.....###)..)[...##


You could see Saint Roka.

Vanquished Creatures
  An orc warlord (Orc:1)
  A dire elephant (Lair:4)
  Azrael (Orc:2)
  Josephine (D:10)
  Fannar (D:12)
  8 hydras
  A ghost crab (Lair:3)
  A catoblepas (Lair:5)
  A dancing weapon (Volcano)
  8 two-headed ogres
  2 boulder beetles
  2 occultists (Volcano)
  Sonja (Lair:1)
  Amaemon (D:8)
  A skyshark (Lair:5)
  A spectral death yak (Lair:3)
  A spectral hydra (Lair:3)
  A lindwurm (Lair:5)
  2 orc knights
  2 deep elf pyromancers (D:13)
  2 ugly things
  2 orc sorcerers
  An oklob plant (Lair:5)
  17 elephants
  2 toenail golems (Volcano)
  6 cyclopes
  2 kobold blastminers (Orc:2)
  Joseph (Lair:1)
  2 black mambas
  14 cane toads
  2 torpor snails
  An orange demon (D:8)
  2 unseen horrors (D:12)
  5 komodo dragons
  3 rime drakes
  2 tengu conjurers (D:13)
  7 trolls
  5 polar bears
  Prince Ribbit (D:5)
  3 dream sheep (Lair:5)
  10 hornets
  25 blink frogs
  3 slime creatures (D:12)
  A spectral black mamba (Lair:3)
  Sigmund (D:5)
  2 vampires
  51 yaks
  6 wraiths
  2 shadows (D:11)
  12 spriggans
  10 wyverns
  3 wargs
  Grum (Lair:1)
  A fire elemental (Orc:2)
  4 humans (Volcano)
  A steam dragon (Lair:2)
  2 basilisks (Lair:5)
  4 acid dragons
  2 vampire mosquitoes (D:13)
  3 nagas (Lair:3)
  19 water moccasins
  An ice beast (D:6)
  3 hell hounds (Orc:2)
  28 orc warriors
  10 black bears
  A swamp drake (D:12)
  7 ogres
  A sky beast (D:6)
  3 boggarts (Lair:5)
  12 centaurs
  29 wolves
  Blork the orc (D:5)
  4 kobold brigands
  A gnoll sergeant (D:9)
  16 bullfrogs
  6 scorpions
  16 wights
  10 killer bees (D:9)
  4 howler monkeys
  A bombardier beetle (D:3)
  2 jellies (Lair:4)
  A wyvern simulacrum (D:9)
  3 gnoll boudas
  17 orc priests
  A hound (D:4)
  An iguana (D:6)
  Jessica (D:2)
  Ijyb (D:3)
  Terence (D:3)
  A sleepcap (D:6)
  19 orc wizards
  15 gnolls
  10 adders
  6 ufetubi (D:7)
  2 dart slugs (D:1)
  62 orcs
  11 endoplasms
  4 giant cockroaches
  6 goblins
  13 hobgoblins
  7 jackals
  20 kobolds
  3 quokkas
  8 ball pythons
  2 bats
  4 frilled lizards
  5 rats
  A butterfly (Lair:2)
662 creatures vanquished.

Vanquished Creatures (collateral kills)
  3 toenail golems (Volcano)
  A human (Volcano)
  14 foxfires
18 creatures vanquished.

Vanquished Creatures (others)
  The ghost of ChasmGuide the Thaumaturge, a journeyman NaAl of Vehumet (Lair:5)
  An orc warrior (Orc:2)
  A centaur (Orc:2)
  A boggart (Lair:5)
  A kobold brigand (D:9)
  2488 foxfires
2493 creatures vanquished.

Grand Total: 3173 creatures vanquished

Notes
Turn   | Place    | Note
-------+----------+-------------------------------------------
     0 | D:1      | Alarak the Djinni Fire Elementalist began the quest for the
                  | Orb.
     0 | D:1      | Alarak set off with the following spells memorised:
                  | Foxfire, Scorch, Volatile Blastmotes, Inner Flame, Flame
                  | Wave.
     0 | D:1      | Reached XP level 1. HP: 15/15 MP: 0/0
   172 | D:1      | Reached XP level 2. HP: 21/21 MP: 0/0
   298 | D:1      | Reached XP level 3. HP: 25/25 MP: 0/0
   298 | D:1      | Learned a level 1 spell: Sting
   784 | D:2      | Reached XP level 4. HP: 31/31 MP: 0/0
   960 | D:2      | Found a burning altar of Makhleb.
   975 | D:2      | Became a worshipper of Makhleb the Destroyer
  1129 | D:2      | Noticed Jessica
  1133 | D:2      | Killed Jessica
  1134 | D:2      | Reached XP level 5. HP: 33/35 MP: 0/0
  1134 | D:2      | Learned a level 2 spell: Momentum Strike
  1793 | D:3      | Noticed Ijyb
  1798 | D:3      | Killed Ijyb
  1799 | D:3      | Reached skill level 5 in Spellcasting
  1799 | D:3      | Reached skill level 5 in Conjurations
  1799 | D:3      | Reached skill level 5 in Hexes
  1799 | D:3      | Reached skill level 5 in Summonings
  1799 | D:3      | Reached skill level 5 in Necromancy
  1799 | D:3      | Reached skill level 5 in Translocations
  1799 | D:3      | Reached skill level 5 in Fire Magic
  1799 | D:3      | Reached skill level 5 in Ice Magic
  1799 | D:3      | Reached skill level 5 in Air Magic
  1799 | D:3      | Reached skill level 5 in Earth Magic
  1799 | D:3      | Reached skill level 5 in Alchemy
  2021 | D:3      | Reached * piety under Makhleb
  2122 | D:3      | Noticed Terence
  2127 | D:3      | Killed Terence
  2128 | D:3      | Reached XP level 6. HP: 36/40 MP: 0/0
  2318 | D:4      | Reached XP level 7. HP: 41/45 MP: 0/0
  2318 | D:4      | Learned a level 3 spell: Swiftness
  2528 | D:4      | Reached XP level 8. HP: 48/50 MP: 0/0
  2748 | D:4      | Reached ** piety under Makhleb
  2888 | D:4      | Reached skill level 5 in Dodging
  3088 | D:5      | Entered Level 5 of the Dungeon
  3141 | D:5      | Found a burning altar of Makhleb.
  3191 | D:5      | Noticed Prince Ribbit
  3196 | D:5      | Killed Prince Ribbit
  3252 | D:5      | Found a sacrificial altar of Ru.
  3267 | D:5      | Found an ornate altar of the Wu Jian Council.
  3267 | D:5      | Found a glowing silver altar of Zin.
  3267 | D:5      | Found a hide-covered altar of Uskayaw.
  3427 | D:5      | Noticed Sigmund
  3433 | D:5      | Killed Sigmund
  3434 | D:5      | Reached skill level 5 in Fighting
  3434 | D:5      | Reached XP level 9. HP: 65/65 MP: 0/0
  3434 | D:5      | Learned a level 3 spell: Mephitic Cloud
  3489 | D:5      | Noticed Blork the orc
  3492 | D:5      | Killed Blork the orc
  4020 | D:6      | Found a bloodstained altar of Trog.
  4521 | D:6      | Found a snail-covered altar of Cheibriados.
  4528 | D:6      | Found a blossoming altar of Fedhas.
  4692 | D:7      | Reached *** piety under Makhleb
  4748 | D:7      | Found a broken altar of Ashenzari.
  4756 | D:7      | Reached XP level 10. HP: 67/70 MP: 0/0
  4821 | D:7      | Found a hazy altar of Hepliaklqana.
  5098 | D:7      | Found a staircase to the Ecumenical Temple.
  5302 | D:8      | Noticed a two-headed ogre
  5444 | D:8      | Killed a two-headed ogre
  5547 | D:8      | Reached **** piety under Makhleb
  5570 | D:8      | Reached XP level 11. HP: 78/82 MP: 0/0
  5570 | D:8      | Learned a level 5 spell: Irradiate
  5690 | D:8      | Reached skill level 10 in Fighting
  5694 | D:8      | Noticed Amaemon
  5708 | D:8      | Killed Amaemon
  5743 | D:8      | Found a staircase to the Lair.
  5878 | D:8      | Found the +0 toga "Victory" {*Victory Clar}
  6370 | D:9      | Reached skill level 10 in Spellcasting
  6370 | D:9      | Reached skill level 10 in Conjurations
  6370 | D:9      | Reached skill level 10 in Hexes
  6370 | D:9      | Reached skill level 10 in Summonings
  6370 | D:9      | Reached skill level 10 in Necromancy
  6370 | D:9      | Reached skill level 10 in Translocations
  6370 | D:9      | Reached skill level 10 in Fire Magic
  6370 | D:9      | Reached skill level 10 in Ice Magic
  6370 | D:9      | Reached skill level 10 in Air Magic
  6370 | D:9      | Reached skill level 10 in Earth Magic
  6370 | D:9      | Reached skill level 10 in Alchemy
  6400 | D:9      | Noticed a two-headed ogre
  6405 | D:9      | Noticed a two-headed ogre
  6408 | D:9      | Killed a two-headed ogre
  6417 | D:9      | Killed a two-headed ogre
  6436 | D:9      | Noticed a two-headed ogre
  6442 | D:9      | Killed a two-headed ogre
  6500 | D:9      | Noticed a cyclops
  6512 | D:9      | Killed a cyclops
  6518 | D:9      | Reached XP level 12. HP: 89/91 MP: 0/0
  6600 | D:9      | Found a shadowy altar of Dithmenos.
  6689 | D:9      | Reached ***** piety under Makhleb
  6885 | D:9      | Found a white marble altar of Elyvilon.
  6983 | D:9      | Reached skill level 10 in Dodging
  6989 | D:9      | Reached skill level 1 in Invocations
  6991 | D:9      | Found a shimmering altar of Xom.
  7065 | D:9      | Noticed a two-headed ogre
  7072 | D:9      | Killed a two-headed ogre
  7251 | D:10     | Entered Level 10 of the Dungeon
  7264 | D:10     | Noticed Josephine
  7872 | D:10     | Noticed a two-headed ogre
  7883 | D:10     | Killed Josephine
  7884 | D:10     | Killed a two-headed ogre
  7885 | D:10     | Reached skill level 5 in Invocations
  8322 | D:11     | Found a portal to a secret trove of treasure.
  8620 | D:11     | Found a blossoming altar of Fedhas.
  8740 | D:11     | Noticed a boulder beetle
  8766 | D:11     | Killed a boulder beetle
  8977 | D:12     | Noticed a two-headed ogre
  8988 | D:12     | Killed a two-headed ogre
  9115 | D:12     | Reached XP level 13. HP: 81/96 MP: 0/0
  9115 | D:12     | Learned a level 5 spell: Freezing Cloud
  9254 | D:12     | Noticed Fannar
  9264 | D:12     | Killed Fannar
  9793 | D:12     | Found a staircase to the Orcish Mines.
 10097 | Lair:1   | Entered Level 1 of the Lair of Beasts
 10097 | Lair:1   | Noticed Joseph
 10103 | Lair:1   | Killed Joseph
 10111 | Lair:1   | Noticed Grum
 10174 | Lair:1   | Killed Grum
 10304 | Lair:1   | Noticed Sonja
 10310 | Lair:1   | Killed Sonja
 10406 | Lair:1   | Reached ****** piety under Makhleb
 10607 | Lair:1   | Found a dark tunnel.
 10617 | Volcano  | Entered a volcano
 10940 | Volcano  | Reached XP level 14. HP: 90/103 MP: 0/0
 12127 | Lair:3   | Reached skill level 15 in Spellcasting
 12127 | Lair:3   | Reached skill level 15 in Conjurations
 12127 | Lair:3   | Reached skill level 15 in Hexes
 12127 | Lair:3   | Reached skill level 15 in Summonings
 12127 | Lair:3   | Reached skill level 15 in Necromancy
 12127 | Lair:3   | Reached skill level 15 in Translocations
 12127 | Lair:3   | Reached skill level 15 in Fire Magic
 12127 | Lair:3   | Reached skill level 15 in Ice Magic
 12127 | Lair:3   | Reached skill level 15 in Air Magic
 12127 | Lair:3   | Reached skill level 15 in Earth Magic
 12127 | Lair:3   | Reached skill level 15 in Alchemy
 12515 | Lair:3   | Found a staircase to the Snake Pit.
 12984 | Lair:3   | Found a staircase to the Swamp.
 13871 | Lair:4   | Noticed a dire elephant
 13921 | Lair:4   | Killed a dire elephant
 13922 | Lair:4   | Reached XP level 15. HP: 77/111 MP: 0/0
 13922 | Lair:4   | Learned a level 6 spell: Starburst
 13979 | Lair:4   | Found a viscous altar of Jiyva.
 13980 | Lair:4   | Found a staircase to the Slime Pits.
 14410 | Lair:5   | Entered Level 5 of the Lair of Beasts
 15292 | Lair:5   | Reached skill level 15 in Fighting
 15310 | Lair:5   | Found a large runed translucent door.
 15310 | Lair:5   | Found a large runed translucent door.
 15311 | Lair:5   | Noticed ChasmGuide's ghost (journeyman NaAl)
 15747 | Lair:5   | Killed ChasmGuide's ghost
 16581 | Orc:1    | Entered Level 1 of the Orcish Mines
 16582 | Orc:1    | Noticed an orc warlord
 16810 | D:13     | Reached XP level 16. HP: 107/126 MP: 0/0
 16974 | Orc:1    | Found Wuvaehoj's Armour Shoppe.
 17354 | Orc:2    | Entered Level 2 of the Orcish Mines
 17354 | Orc:2    | Noticed Saint Roka
 17754 | Orc:2    | Noticed Azrael
 17859 | Orc:2    | Killed Azrael
 17904 | Orc:2    | Noticed Erolcha
 18063 | Orc:1    | HP: 1/126 [Saint Roka/divine providence (11)]
 18067 | Orc:1    | Killed from afar by Saint Roka

Illustrated notes

Levels and vault maps discovered:
D:1:      heliophobic_arrival_battle_scene, layout_loops_ring, nicolae_titane
D:2:      layout_basic, basic_altar, minmay_divided_ellipse, uniq_jessica
D:3:      layout_loops_ring, minmay_quadrilaterals, uniq_terence, uniq_ijyb
D:4:      layout_rooms, nicolae_underground_beach
D:5:      layout_basic, palyth_temple_overflow_mages,
          mainiacjoe_overflow_24_doors, mainiacjoe_overflow_catwalk,
          gammafunk_temple_overflow_forgotten, uniq_prince_ribbit1,
          uniq_sigmund, uniq_blork_the_orc
D:6:      layout_basic, trog_hazing_becter, jmf_multi_god_temple2,
          nicolae_tricolors
D:7:      layout_basic, mainiacjoe_overflow_big_doors, temple_green
D:8:      layout_gridville, due_lair_maze_entry_diamond, uniq_amaemon
D:9:      nzn_winding_woodlands_cross [nzn_winding_woodlands_5x15_sidewinder,
          nzn_winding_woodlands_5x15_split_checker,
          nzn_winding_woodlands_5x15_cabin, nzn_winding_woodlands_5x15_zeroes,
          nzn_winding_woodlands_15x15_killbox], layout_basic,
          mainiacjoe_overflow_catch_the_wave, xom_confusion_cloud
D:10:     layout_roguey, enter_bailey_7, uniq_josephine
D:11:     layout_irregular_city, nicolae_trove_entry_crossroad, fedhas_altar_1
D:12:     layout_loops_ring, erik_orc_1, uniq_fannar
D:13:     layout_long_grid, kennysheep_generic_room_12
Lair:1:   wad_woods_pond, layout_regular_city, enter_volcano_2,
          serial_bayou_shore_b, uniq_grum, uniq_joseph, uniq_sonja
Lair:2:   layout_hall_layers, lemuel_fruit_fields, infiniplex_staircase_pool_2
Lair:3:   layout_hall_layers, nicolae_swamp_entry_spooky,
          minmay_snake_entry_guardpost_medium, chequers_serial_rivers_micro_d
Lair:4:   mu_elephants_graveyard, layout_long_grid, slime_entry_2,
          infiniplex_staircase_pool
Lair:5:   minmay_lair_end_enchanted_forest, layout_big_grid,
          ebering_ghost_disaster_area, serial_bayou_shore_b
Orc:1:    layout_diamond_mine, serial_shops, shop
Orc:2:    st_orc_rangers, layout_caves, portal_ice_cave_rime, basic_altar,
          uniq_saint_roka, uniq_azrael, uniq_erolcha

Skill      XL: |  1  2  3  4  5  6  7  8  9 10 11 12 13 14 15 16 |
---------------+-------------------------------------------------+-----
Spellcasting   | 4 5 6 7 9 11 14 15 | 15.0
Conjurations   | 4 5 6 7 9 11 14 15 | 15.0
Hexes          | 4 5 6 7 9 11 14 15 | 15.0
Summonings     | 4 5 6 7 9 11 14 15 | 15.0
Necromancy     | 4 5 6 7 9 11 14 15 | 15.0
Translocations | 4 5 6 7 9 11 14 15 | 15.0
Fire Magic     | 4 5 6 7 9 11 14 15 | 15.0
Ice Magic      | 4 5 6 7 9 11 14 15 | 15.0
Air Magic      | 4 5 6 7 9 11 14 15 | 15.0
Earth Magic    | 4 5 6 7 9 11 14 15 | 15.0
Alchemy        | 4 5 6 7 9 11 14 15 | 15.0
Dodging        | 5 8 10 12 14 | 14.0
Fighting       | 5 8 10 11 15 | 15.1
Invocations    | 6 |  6.0
Stealth        | |  1.5

Action                     |  1- 3 |  4- 6 |  7- 9 | 10-12 | 13-15 | 16-18 || total
---------------------------+-------+-------+-------+-------+-------+-------++-------
  Melee: Unarmed           |     3 |       |       |       |     8 |       ||    11
   Cast: Foxfire           |   139 |    83 |   232 |   304 |   626 |    75 ||  1459
         Scorch            |       |    32 |    43 |   100 |   196 |     4 ||   375
         Inner Flame       |       |     6 |    59 |    87 |   140 |    23 ||   315
         Swiftness         |       |       |     1 |     2 |     4 |     1 ||     8
         Mephitic Cloud    |       |       |    10 |    37 |    76 |    17 ||   140
         Momentum Strike   |       |       |     1 |       |       |       ||     1
         Flame Wave        |       |       |       |     3 |    25 |       ||    28
         Irradiate         |       |       |       |     5 |    25 |     5 ||    35
         Sting             |       |       |       |     2 |    41 |    11 ||    54
         Freezing Cloud    |       |       |       |       |    93 |    20 ||   113
         Volatile Blastmot |       |       |       |       |     2 |     1 ||     3
         Starburst         |       |       |       |       |     9 |    27 ||    36
 Invoke: Lesser Servant of |       |       |       |       |     2 |       ||     2
    Use: Scroll            |       |     1 |     6 |     7 |     1 |       ||    15
 Armour: Robe              |     3 |     5 |    10 |    44 |   255 |    42 ||   359
  Dodge: Dodged            |     6 |     8 |    14 |    33 |   179 |    97 ||   337

Table legend: (Time is in decaauts)
 A = Elapsed time spent in this place.
 B = Non-inter-level travel time spent in this place.
 C = Inter-level travel time spent in this place.
 D = Time resting spent in this place.
 E = Time spent auto-exploring this place.
 F = Levels seen in this place.
 G = Mean time per level.
                   A        B        C        D        E       F      G
               +--------+--------+--------+--------+--------+-----+--------+
         Total |  18084 |  15951 |   2133 |   1889 |  10048 |  21 |  861.1 |
       Dungeon |  10628 |   9165 |   1463 |    498 |   6617 |  13 |  817.5 |
          Lair |   5737 |   5215 |    522 |    906 |   2809 |   5 | 1147.4 |
  Orcish Mines |   1153 |   1005 |    148 |    412 |    349 |   2 |  576.5 |
       Volcano |    565 |    565 |      0 |     73 |    272 |   1 |  565.0 |
               +--------+--------+--------+--------+--------+-----+--------+

Top non-repeatable levels by time:
  Lair:5: 1847 daAuts
    D:12: 1376 daAuts
     D:9: 1245 daAuts
  Lair:4: 1217 daAuts
  Lair:3: 1072 daAuts
   Orc:1: 992 daAuts
    D:10: 943 daAuts
     D:6: 937 daAuts
  Lair:1: 915 daAuts
     D:8: 886 daAuts
     D:3: 826 daAuts
     D:4: 793 daAuts
     D:7: 773 daAuts
     D:1: 749 daAuts
     D:2: 717 daAuts
